 Dungeon Crawl Stone Soup version 0.29-a0-1033-gb6c65ffae6 (webtiles) character file.

Game seed: 9279569654670150058

182 drugrobin the Sneak (level 5, -2/45 HPs)
             Began as a Demigod Delver on Aug 14, 2022.
             Slain by a killer bee zombie (4 damage)
             ... in an ossuary.
             The game lasted 00:02:23 (218 turns).

drugrobin the Sneak (Demigod Delver)                 Turns: 218, Time: 00:02:23

Health: -2/45      AC:  3    Str: 17    XL:     5   Next: 12%
Magic:  7/7        EV: 12    Int: 12    God:
Gold:   19         SH:  0    Dex: 15    Spells: 4/4 levels left

rFire   . . .      SeeInvis .   a - +0 hand axe
rCold   . . .      Faith    .   (no shield)
rNeg    . . .      Spirit   .   b - +0 leather armour
rPois   .          Reflect  .   (no helmet)
rElec   .          Harm     .   (no cloak)
rCorr   .          Rampage  .   (no gloves)
Will    .....                   (no boots)
Stlth   +++.......              (no amulet)
HPRegen 0.15/turn               (no ring)
MPRegen 0.10/turn               (no ring)

@: attractive
A: high MP 1, forlorn, divine attributes
a: no special abilities


You were in an ossuary.
You visited 1 branch of the dungeon, and saw 2 of its levels.
You also visited: Ossuary.

You collected 19 gold pieces.

Inventory:

Hand Weapons
 a - a +0 hand axe (weapon)
Armour
 b - a +0 leather armour (worn)
Wands
 g - a wand of digging (3)
Scrolls
 c - a scroll of fog
 e - a scroll of fear
 i - a scroll of teleportation {unknown}
 j - a scroll of identify {unknown}


   Skills:
 + Level 3.6 Fighting
 + Level 2.9 Axes
 + Level 2.9 Dodging
 + Level 5.2 Stealth


You had 4 spell levels left.
You didn't know any spells.
Your spell library was empty.

Dungeon Overview and Level Annotations

Branches:
Dungeon (6/15)             Temple (0/1) D:6         Ossuary (1/1)


Innate Abilities, Weirdness & Mutations

You have an increased reservoir of magic. (+10% MP)
You shall have no god before yourself.
Your divine heritage dramatically boosts your attributes as you level up.


Message History

Unknown command.
Unknown command.
The killer bee zombie hits you.
* * * LOW HITPOINT WARNING * * *
You barely miss the killer bee zombie.
The killer bee zombie hits you but does no damage.
The killer bee zombie barely misses you.
Unknown command.
You slash the killer bee zombie!
The killer bee zombie is moderately damaged.
The killer bee zombie hits you but does no damage.
A mummy comes into view.
The killer bee zombie hits you.
* * * LOW HITPOINT WARNING * * *
Unknown command.
Unknown command.
You hit the killer bee zombie but do no damage.
The killer bee zombie is moderately damaged.
The killer bee zombie hits you but does no damage.
The killer bee zombie hits you.
* * * LOW HITPOINT WARNING * * *
Unknown command.
Unknown command.
It was a potion of attraction.
You feel attractive to monsters.
The killer bee zombie barely misses you.
The killer bee zombie hits you.
* * * LOW HITPOINT WARNING * * *
Unknown command.
Unknown command.
You completely miss the killer bee zombie.
The killer bee zombie is moderately damaged.
The killer bee zombie closely misses you. x2
Unknown command.
Unknown command.
Unknown command.
You slash the killer bee zombie!
The killer bee zombie is heavily damaged.
The killer bee zombie hits you.
You die...

≈≈ ## ##≈#
#≈≈ ≈≈≈#
#≈~###~≈##
#. .~.≈P≈~≈#
~.~.#'#~~≈≈#
Z.~.~~.~..#
.#####~#~###
#..@#~..≈≈#
#.∩.ZM~####
#∩..#~.P≈≈#
#####~#~###
'.'.# ##.###
#Z+ '.# #.+


You could see a mummy and a killer bee zombie.

Vanquished Creatures
  7 mummies (Ossuary)
  2 killer bee zombies (Ossuary)
9 creatures vanquished.

Vanquished Creatures (others)
  4 withered plants (Ossuary)
4 creatures vanquished.

Grand Total: 13 creatures vanquished

Notes
Turn   | Place    | Note
-------+----------+-------------------------------------------
     0 | D:5      | drugrobin the Demigod Delver began the quest for the Orb.
     0 | D:5      | Reached XP level 1. HP: 18/18 MP: 3/3
    36 | D:6      | Noticed a phantom
    67 | D:6      | Found a sand-covered staircase.
    70 | Ossuary  | Entered an ossuary
    70 | Ossuary  | Noticed a bog mummy
    83 | Ossuary  | Killed a bog mummy
    84 | Ossuary  | Reached XP level 2. HP: 26/26 MP: 4/4
    88 | Ossuary  | Reached XP level 3. HP: 31/31 MP: 5/5
    91 | Ossuary  | Reached skill level 5 in Stealth
    91 | Ossuary  | Reached XP level 4. HP: 38/38 MP: 6/6
   152 | Ossuary  | Reached XP level 5. HP: 7/45 MP: 7/7
   216 | Ossuary  | HP: 1/45 [killer bee zombie (3)]
   218 | Ossuary  | Slain by a killer bee zombie

Illustrated notes

Levels and vault maps discovered:
D:5:      layout_cave_pools
D:6:      layout_loops_ring, minmay_temple_entry_stoned_glass,
          lightli_ossuary_entry_decrepit_ruins
Ossuary:  ossuary_zaba_flooded

Skill      XL: |  1  2  3 |
---------------+----------+-----
Fighting       | 3 |  3.6
Axes           | 2 |  2.9
Dodging        | 2 |  2.9
Stealth        | 5 |  5.2

Action                   |  1- 3 |  4- 6 || total
-------------------------+-------+-------++-------
Melee: Hand axe          |       |    35 ||    35
Evoke: Wand              |     6 |       ||     6
  Use: Scroll            |     1 |       ||     1
       Potion            |       |     2 ||     2
Armor: Leather armour    |       |     3 ||     3
Dodge: Dodged            |     1 |    31 ||    32

Table legend: (Time is in decaauts)
 A = Elapsed time spent in this place.
 B = Non-inter-level travel time spent in this place.
 C = Inter-level travel time spent in this place.
 D = Time resting spent in this place.
 E = Time spent auto-exploring this place.
 F = Levels seen in this place.
 G = Mean time per level.
                   A        B        C        D        E       F      G
               +--------+--------+--------+--------+--------+-----+--------+
         Total |    219 |    219 |      0 |     57 |      0 |   3 |   73.0 |
       Dungeon |     69 |     69 |      0 |      0 |      0 |   2 |   34.5 |
       Ossuary |    149 |    149 |      0 |     57 |      0 |   1 |  149.0 |
               +--------+--------+--------+--------+--------+-----+--------+

Top non-repeatable levels by time:
 Ossuary: 149 daAuts
     D:6: 66 daAuts
     D:5: 3 daAuts
